AoeStats
← Iguano Pop

Arena

507896696Analyzed
2v2 RM · 12d ago on Sep 20, 2026· 45m 15s· 4 players
Game mode
Random Map
Map size
Medium (4 player)
Population
200
Speed
Normal
Resources
Standard
Victory
Conquest
Starting age
Dark Age
Ending age
Imperial Age
RankedLock teamsTeams togetherTeam positionsShared explorationLock speedFull tech treeHidden civsTurbo modeCheats
Victory
Defeat
🇺🇸 Poles · United States
1371
+12
🇲🇽 Britons · Mexico
1314
+14
🇨🇷 Portuguese · Costa Rica
1284
-13
🇨🇷 Mongols · Costa Rica
1282
-13
Fritz X2453
11:02 Feudal Age
14:40 Castle Age
12:52 Double-Bit Axe
13:06 Horse Collar
15:23 Heavy Plow
19:13 Wheelbarrow
19:44 Bow Saw
21:13 Loom
23:26 Hand Cart
23:11 Light Cavalry
24:01 Bloodlines
23:57 Scale Barding Armor
29:37 Imperial Age
27:15 Husbandry
28:47 Chain Barding Armor
28:18 Fletching
28:28 Padded Archer Armor
28:16 Elite Skirmisher
30:13 Bodkin Arrow
29:48 Winged Hussar
31:06 Conscription
32:40 Crop Rotation
33:16 Forging
33:07 Bracer
32:53 Heavy Cavalry Archer
35:41 Iron Casting
35:22 Leather Archer Armor
37:19 Thumb Ring
38:22 Ballistics
38:13 Masonry
37:58 Capped Ram
39:49 Blast Furnace
38:49 Scale Mail Armor
40:35 Siege Engineers
41:32 Chemistry
40:17 Siege Ram
42:16 Lechitic Legacy
Iguano Pop
11:26 Feudal Age
12:02 Loom
15:40 Castle Age
14:21 Gold Mining
14:30 Double-Bit Axe
20:10 Horse Collar
24:02 Wheelbarrow
24:41 Bow Saw
29:48 Imperial Age
27:35 Hand Cart
27:07 Town Watch
28:00 Fletching
28:12 Heavy Plow
30:35 Gold Shaft Mining
29:53 Stone Mining
29:42 Crossbowman
30:42 Bodkin Arrow
31:53 Two-Man Saw
31:36 Arbalester
33:40 Chemistry
33:51 Ballistics
34:40 Conscription
34:25 Bracer
35:16 Yeomen
35:26 Padded Archer Armor
36:00 Siege Engineers
36:27 Pikeman
38:16 Leather Archer Armor
38:14 Masonry
39:27 Hoardings
38:24 Man-at-Arms
39:06 Squires
DS_Migno
10:15 Feudal Age
14:50 Castle Age
12:40 Double-Bit Axe
12:40 Horse Collar
18:28 Wheelbarrow
18:36 Loom
19:53 Fletching
23:35 Bodkin Arrow
25:52 Hand Cart
27:03 Padded Archer Armor
27:55 Leather Archer Armor
28:04 Ballistics
32:28 Imperial Age
30:07 Town Watch
30:44 Scale Barding Armor
30:49 Forging
31:59 Chain Barding Armor
31:52 Bloodlines
31:42 Husbandry
31:04 Light Cavalry
33:14 Iron Casting
32:36 Heavy Camel Rider
34:38 Chemistry
34:05 Conscription
33:48 Bracer
34:26 Thumb Ring
34:47 Parthian Tactics
35:50 Blast Furnace
34:17 Hussar
37:07 Elite Mangudai
dani9milpz
10:35 Feudal Age
15:04 Castle Age
16:56 Horse Collar
17:08 Double-Bit Axe
22:43 Heavy Plow
22:56 Bow Saw
22:57 Loom
24:49 Gold Mining
24:50 Stone Mining
28:07 Imperial Age
28:52 Scale Barding Armor
30:13 Forging
30:23 Chain Barding Armor
29:56 Cavalier
30:49 Bloodlines
30:40 Husbandry
30:02 Light Cavalry
31:21 Iron Casting
31:43 Conscription
33:50 Blast Furnace
33:40 Pikeman
34:20 Halberdier
35:18 Scale Mail Armor
35:54 Plate Barding Armor
38:24 Fletching
Connection lost

Rejoining the realm…

Still unreachable

The connection could not be restored.

Session expired

The server has moved on; the page needs a fresh start.